 Dungeon Crawl Stone Soup version 0.23.1 (webtiles) character file.

Game seed: 644156955633051858

200 PikkenKukken the Chopper (level 5, -1/47 HPs)
             Began as a Hill Orc Fighter on Mar 9, 2019.
             Slain by an orc
             ... wielding a +0 morningstar
              (4 damage)
             ... on level 3 of the Dungeon.
             The game lasted 00:04:02 (2145 turns).

PikkenKukken the Chopper (Hill Orc Fighter)         Turns: 2145, Time: 00:04:02

Health: -1/47      AC:  7    Str: 20    XL:     5   Next: 79%
Magic:  5/5        EV:  8    Int:  8    God:
Gold:   114        SH:  9    Dex: 10    Spells: 4/4 levels left

rFire    . . .     SeeInvis .   a - +1 war axe
rCold    . . .     Gourm    .   c - +0 shield
rNeg     . . .     Faith    .   b - +0 scale mail
rPois    .         Spirit   .   (no helmet)
rElec    .         Reflect  .   (no cloak)
rCorr    .         Harm     .   (no gloves)
MR       .....                  (no boots)
Stlth    ..........             (no amulet)
HPRegen  0.15/turn              (no ring)
MPRegen  0.09/turn              (no ring)

@: no status effects
A: no striking features
a: Convert to Beogh


You were on level 3 of the Dungeon.
You were not hungry.

You visited 1 branch of the dungeon, and saw 3 of its levels.

You collected 114 gold pieces.

Inventory:

Hand Weapons
 a - a +1 war axe (weapon)
Missiles
 g - a throwing net (quivered)
Armour
 b - a +0 scale mail (worn)
 c - a +0 shield (worn)
Jewellery
 j - a +6 ring of intelligence {unknown}
 o - an uncursed ring of protection from cold {unknown}
 r - an uncursed ring of protection from fire {unknown}
Scrolls
 h - 2 scrolls of identify
 m - a scroll of magic mapping
 n - 3 scrolls of teleportation
 s - a scroll of fog {unknown}
 t - a scroll of immolation {unknown}
Potions
 d - a potion of might
 e - 2 potions of haste {unknown}
 i - a potion of mutation {unknown}
 k - 2 potions of curing
 l - 3 potions of heal wounds
 q - a potion of flight {unknown}
Comestibles
 f - 7 rations
 p - 4 chunks of flesh


   Skills:
 + Level 4.4 Fighting
 * Level 5.0 Axes
 + Level 4.0 Armour
 + Level 1.4 Dodging
 + Level 4.1 Shields


You had 4 spell levels left.
You didn't know any spells.
Your spell library was empty.

Dungeon Overview and Level Annotations

Branches:
Dungeon (3/15)

Altars:
Uskayaw


Message History

You closely miss the orc. You hit the orc but do no damage. The orc hits you.
The orc closely misses you. You block the orc priest's attack.
The orc hits you but does no damage.
Unknown command.
Your shield prevents you from hitting the orc priest.
The orc priest is heavily wounded.
You hit the orc but do no damage. You barely miss the orc.
The orc priest hits you with a +0 hand axe.
The orc hits you with a +0 morningstar. The orc hits you.
Unknown command.
The orc priest shouts, "Join the one true god or die!"
You hit the orc priest.
The orc priest is severely wounded.
You closely miss the orc. You slash the orc!
You kill the orc!
The orc priest calls down the wrath of Beogh upon you.
Beogh smites you!
* * * LOW HITPOINT WARNING * * *
The orc hits you with a +0 morningstar.
You die...

.........(()(...........
#))....#######.###.####.
#.........####'###....
#.................#...# .
#.....#...........#..... ..
##................#..#...o.
<#......##........# .#...o.
รท#......##......o.# ...o.
.#......##......@[###....##
.'......######'##o.........
##...........#..'..........
##.))........####..........
##..)......... #..........
####...###.... #.....#....
...#...#...... #.....#.###
##.#...#...... ####.## r
##.#...#....####### .. .


You could see an orc priest and an orc.

Vanquished Creatures
  An orc priest (D:3)
  2 orc wizards (D:3)
  2 adders (D:2)
  A worm (D:3)
  A leopard gecko (D:2)
  12 orcs (D:3)
  2 giant cockroaches
  6 goblins
  4 hobgoblins
  16 jackals
  2 quokkas
  11 bats
  4 frilled lizards
  10 kobolds
  6 rats
80 creatures vanquished.

Vanquished Creatures (others)
  5 toadstools (D:3)
5 creatures vanquished.

Grand Total: 85 creatures vanquished

Notes
Turn   | Place    | Note
-------+----------+-------------------------------------------
     0 | D:1      | PikkenKukken the Hill Orc Fighter began the quest for the
                  | Orb.
     0 | D:1      | Reached XP level 1. HP: 19/19 MP: 1/1
   218 | D:1      | Reached skill level 3 in Axes
   219 | D:1      | Reached XP level 2. HP: 24/27 MP: 2/2
   915 | D:2      | Reached XP level 3. HP: 31/33 MP: 3/3
   927 | D:2      | Noticed a +0 hand axe
   928 | D:2      | Found a hide-covered altar of Uskayaw.
   928 | D:2      | Noticed a +0 hand axe
  1315 | D:2      | Reached XP level 4. HP: 40/40 MP: 4/4
  1326 | D:2      | Reached skill level 4 in Axes
  1376 | D:2      | Reached skill level 1 in Dodging
  1764 | D:3      | Reached XP level 5. HP: 29/46 MP: 5/5
  2052 | D:3      | Reached skill level 5 in Axes
  2145 | D:3      | Slain by an orc

Skill      XL: |  1  2  3  4  5 |
---------------+----------------+-----
Axes           | 3 4 5 |  5.0
Fighting       | 4 |  4.4
Dodging        | 1 |  1.4
Shields        | 4 |  4.1
Armour         | 4 |  4.0

Action                   |  1- 3 |  4- 6 || total
-------------------------+-------+-------++-------
Melee: War axe           |   115 |   101 ||   216
  Use: Scroll            |     6 |     1 ||     7
  Eat: Chunk             |     2 |     2 ||     4
Armor: Scale mail        |    62 |    67 ||   129
Dodge: Dodged            |    45 |    43 ||    88
Block: Shield            |    72 |    64 ||   136
